 Dungeon Crawl Stone Soup version 0.28.0-55-gcd9437bce4 (webtiles) character file.

Game seed: 8581882059365017937

68844 cbfl8 the Severer (level 14, -18/121 HPs)
             Began as a Minotaur Berserker on Dec 15, 2022.
             Was a High Priest of Trog.
             Killed from afar by a fire dragon (57 damage)
             ... with a blast of flame
             ... on level 2 of the Lair of Beasts on Jan 3, 2023.
             The game lasted 00:32:08 (26423 turns).

cbfl8 the Severer (Minotaur Berserker)             Turns: 26423, Time: 00:32:09

Health: -18/121    AC: 19    Str: 22    XL:     14   Next: 88%
Magic:  13/13      EV: 16    Int:  4    God:    Trog [*****.]
Gold:   1123       SH:  5    Dex: 17    Spells: 13/13 levels left

rFire   x . .      SeeInvis .   F - +3 battleaxe (vamp)
rCold   + + +      Faith    .   (shield currently unavailable)
rNeg    + . .      Spirit   .   e - +0 ice dragon scales
rPois   .          Reflect  +   G - +1 hat
rElec   .          Harm     .   L - scarf {+Inv}
rCorr   .          Rampage  .   J - +2 pair of gloves
Will    +....                   B - +0 pair of boots
Stlth   +.........              c - amulet of reflection
HPRegen 0.30/turn               u - ring of protection from cold
MPRegen 0.13/turn               q - ring of positive energy

@: no status effects
A: horns 2, retaliatory headbutt, agile 1, frail 1, sturdy frame 1
a: Renounce Religion, Evoke Invisibility, Berserk, Trog's Hand, Brothers in Arms


You were on level 2 of the Lair of Beasts.
You worshipped Trog.
Trog was extremely pleased with you.
You visited 2 branches of the dungeon, and saw 17 of its levels.
You also visited: Ice Cave.

You collected 1123 gold pieces.

Inventory:

Hand Weapons
 F - a +3 vampiric battleaxe (weapon)
 T - a +3 broad axe of flaming
Missiles
 d - 2 throwing nets
Armour
 e - +0 ice dragon scales (worn)
 B - a +0 pair of boots (worn)
 G - a +1 hat (worn)
 J - a +2 pair of gloves (worn)
 L - a scarf of invisibility (worn)
Jewellery
 b - an amulet of guardian spirit
 c - an amulet of reflection (around neck)
 g - a ring of willpower
 n - an amulet of faith
 q - a ring of positive energy (right hand)
 u - a ring of protection from cold (left hand)
 N - the ring "Sexyseg" {Fire Str-2 Int+4 Slay+3}
   (You found it in an ice cave)

   [ring of fire]

   It enhances your fire magic.
   Str:       It affects your strength (-2).
   Int:       It affects your intelligence (+4).
   Slay:      It affects your accuracy & damage with ranged weapons and melee
   (+3).
   rF:        It protects you from fire.
   rC:        It makes you vulnerable to cold.
 P - a +6 ring of dexterity
Wands
 m - a wand of flame (28)
 v - a wand of iceblast (35) (quivered)
 O - a wand of acid (4)
 Q - a wand of digging (3)
 R - a wand of polymorph (6)
Scrolls
 a - 2 scrolls of summoning
 f - 2 scrolls of blinking
 h - 6 scrolls of teleportation
 i - 2 scrolls of fear
 o - 2 scrolls of enchant weapon
 s - 4 scrolls of magic mapping
 w - a scroll of identify
 y - 2 scrolls of enchant armour
 A - a scroll of acquirement
 E - a scroll of silence
 H - 2 scrolls of fog
Potions
 j - a potion of degeneration {unknown}
 k - 2 potions of magic
 l - 2 potions of berserk rage {unknown}
 p - 2 potions of haste
 r - 2 potions of invisibility {unknown}
 t - a potion of ambrosia {unknown}
 x - 7 potions of curing
 z - 3 potions of might
 C - 5 potions of attraction
 D - 2 potions of resistance {unknown}
 M - 2 potions of flight
 S - a potion of mutation
Miscellaneous
 I - a condenser vane
 K - a condenser vane


   Skills:
 * Level 15.4 Fighting
 * Level 20.8 Axes
 + Level 10.7 Armour
 * Level 10.7 Dodging
 + Level 2.5 Stealth
 - Level 4.6 Shields
 * Level 6.9 Evocations


You had 13 spell levels left.
You didn't know any spells.
Your spell library was empty.

Dungeon Overview and Level Annotations

Branches:
Dungeon (15/15)            Temple (0/1) D:4            Lair (2/6) D:9
    Orc (0/2) D:9          Vaults (0/5) D:14         Depths (0/4) D:15
  IceCv (visited)
  Swamp: Lair:2-4    Shoals: Lair:2-4     Snake: Lair:2-4    Spider: Lair:2-4

Altars:
Cheibriados
Dithmenos
Fedhas
Gozag
Hepliaklqana
Makhleb
Nemelex Xobeh
Okawaru
Qazlal
Trog
Uskayaw
Vehumet
Wu Jian
Xom
Zin
The Shining One

Shops:
D:5 =   D:12 :

Annotations:
D:6 1 runed translucent door, Banquo's ghost, novice DjAE
D:8 exclusion: statue


Innate Abilities, Weirdness & Mutations

You have a pair of horns on your head.
You reflexively headbutt those who attack you in melee.
You are agile. (Dex +2)
You are frail. (-10% HP)
Your movements are slightly less encumbered by armour. (ER -2)


Message History

No reachable target in view!
A lava snake is nearby!
No reachable target in view!
The lava snake hisses angrily.
A molten gargoyle comes into view. It is wielding a +0 mace.
The lava snake spits lava at you. The glob of lava misses you.
Found 34 gold pieces.
The lava snake spits lava at you.
The glob of lava reflects off an invisible shield around you!
The glob of lava hits the lava snake!
The lava snake partially resists.
You miss the lava snake.
The lava snake is severely wounded.
The lava snake bites you.
You are engulfed in flames.
The fire burns you terribly!
The molten gargoyle blasts magma at you!
The bolt of magma hits you!! The lava burns you terribly!
The lava snake misses you.
The molten gargoyle hits you but does no damage.
You slice the molten gargoyle!!
Your headbutt misses the molten gargoyle.
The molten gargoyle is severely damaged.
You slash the lava snake!
You feel better.
You kill the lava snake!
Trog accepts your kill.
Unknown command.
The fire dragon roars deafeningly!
You slice the molten gargoyle!!
You destroy the molten gargoyle!
Trog accepts your kill.
Unknown command.
You see here a +0 mace.
Found 41 gold pieces, a potion of flight and Great Wizards, Vol.
II.
The fire dragon breathes flames at you. The blast of flame hits you!!!
The fire burns you terribly!
A fire dragon is nearby!
A fire dragon is nearby!
The fire dragon breathes flames at you. The blast of flame hits you!!!
The fire burns you terribly!
You die...

#### ####§≈§####
:...≈≈§≈..###
!....≈≈≈....##
$$..§≈§......###
§$≈≈≈≈..)......#####
≈≈§≈≈≈..@.........(######
≈≈§≈§........#####......#
≈≈§D≈.......## ######.#
≈§≈§§≈...#### #..
§≈§§###### ##. ≈≈≈≈ ####.
§≈# #.... #.###
########### ####.###


You could see a fire dragon (catching breath).

Vanquished Creatures
  An azure jelly (IceCv)
  A quicksilver ooze (IceCv)
  A stone giant (D:15)
  Josephine (D:11)
  5 hydras
  4 vault guards (D:14)
  Harold (D:11)
  3 boulder beetles
  7 centaur warriors
  7 two-headed ogres
  5 tengu warriors
  Urug (D:11)
  A death yak (Lair:1)
  4 skeletal warriors
  A fire crab (shapeshifter) (D:13)
  A harpy (shapeshifter) (D:14)
  3 deep elf pyromancers
  19 ugly things
  4 cyclopes
  2 black mambas (Lair:1)
  An ice statue (IceCv)
  A molten gargoyle (Lair:2)
  3 gargoyles
  3 cane toads
  2 torpor snails
  2 freezing wraiths
  2 efreet (D:13)
  Psyche (D:8)
  A komodo dragon (Lair:2)
  5 yaktaurs (D:15)
  3 entropy weaver simulacra (IceCv)
  A tengu conjurer (D:14)
  4 trolls
  2 polar bears (Lair:1)
  34 slime creatures
  3 dream sheep (Lair:2)
  10 blink frogs (Lair:2)
  4 shadows
  5 wraiths (D:11)
  A wyvern (D:9)
  3 fire bats (Lair:2)
  A vampire (D:11)
  3 basilisks
  28 yaks
  5 vampire mosquitoes
  3 wargs (D:9)
  3 acid dragons
  8 water moccasins
  A demonic crawler simulacrum (IceCv)
  A hornet zombie (D:6)
  A black bear (D:6)
  2 orc warriors
  An ice beast (D:7)
  An ugly thing simulacrum (IceCv)
  A necrophage (D:6)
  3 ogres
  5 boggarts (D:15)
  3 wolves (Lair:2)
  A wolf (shapeshifter) (D:14)
  2 centaurs
  7 bullfrogs
  3 glowing shapeshifter simulacra (IceCv)
  2 scorpions (D:5)
  13 killer bees
  A howler monkey (D:8)
  4 wights (D:9)
  A crimson imp (D:6)
  A lava snake (Lair:2)
  4 bullfrog zombies
  4 centaur zombies
  A jelly (D:5)
  6 orc priests
  2 hounds
  2 iguanas
  4 orc wizards
  A scorpion zombie (D:5)
  3 hound skeletons
  4 howler monkey zombies
  A howler monkey skeleton (D:4)
  7 gnolls
  6 adders
  A white imp (D:7)
  2 adder zombies (D:3)
  An adder skeleton (D:3)
  A worm (D:3)
  4 dart slugs
  12 orcs
  9 ball pythons
  7 bats
  4 endoplasms
  4 giant cockroaches
  6 goblins
  12 hobgoblins
  7 jackals
  4 frilled lizards
  A giant cockroach zombie (D:3)
  12 kobolds
  4 rats
404 creatures vanquished.

Vanquished Creatures (others)
  3 fungi
  3 plants
  4 withered plants
10 creatures vanquished.

Grand Total: 414 creatures vanquished

Notes
Turn   | Place    | Note
-------+----------+-------------------------------------------
     0 | D:1      | cbfl8 the Minotaur Berserker began the quest for the Orb.
     0 | D:1      | Reached XP level 1. HP: 19/19 MP: 0/0
   393 | D:1      | Reached skill level 4 in Axes
   462 | D:1      | Reached XP level 2. HP: 26/27 MP: 1/1
   482 | D:1      | Found a faded altar of an unknown god.
  1043 | D:1      | Reached ** piety under Trog
  1145 | D:1      | Reached XP level 3. HP: 33/33 MP: 2/2
  1682 | D:2      | HP: 2/51 [gnoll/+0 halberd (10)]
  1984 | D:2      | Reached XP level 4. HP: 19/41 MP: 3/3
  2400 | D:2      | You fall into a shaft and drop 1 floor!
  2583 | D:3      | Reached skill level 5 in Axes
  2583 | D:3      | Reached XP level 5. HP: 26/47 MP: 4/4
  2594 | D:3      | Gained mutation: You are frail. (-10% HP) [potion of
                  | mutation]
  2594 | D:3      | Gained mutation: Your movements are slightly less
                  | encumbered by armour. (ER -2) [potion of mutation]
  2594 | D:3      | Gained mutation: You are agile. (Dex +2) [potion of
                  | mutation]
  3109 | D:3      | Found an iron altar of Okawaru.
  3110 | D:3      | Found a glowing silver altar of Zin.
  3112 | D:3      | Found a blossoming altar of Fedhas.
  3117 | D:3      | Found a snail-covered altar of Cheibriados.
  3118 | D:3      | Found a hide-covered altar of Uskayaw.
  3118 | D:3      | Found an ornate altar of the Wu Jian Council.
  3128 | D:3      | Found a hazy altar of Hepliaklqana.
  3129 | D:3      | Found a shadowy altar of Dithmenos.
  3130 | D:3      | Found a stormy altar of Qazlal.
  3131 | D:3      | Found a glowing golden altar of the Shining One.
  3133 | D:3      | Found a bloodstained altar of Trog.
  4175 | D:2      | Identified the +2 robe "Rakay" {+Inv rF+++ rC- Dex-4}
  4369 | D:4      | Reached skill level 5 in Fighting
  4369 | D:4      | Reached skill level 1 in Stealth
  4369 | D:4      | Reached XP level 6. HP: 36/50 MP: 5/5
  4766 | D:4      | Found a staircase to the Ecumenical Temple.
  5445 | D:5      | Entered Level 5 of the Dungeon
  5486 | D:5      | Reached skill level 6 in Axes
  5487 | D:5      | Reached skill level 1 in Shields
  5595 | D:5      | Reached XP level 7. HP: 46/54 MP: 6/6
  5873 | D:5      | Reached skill level 7 in Axes
  5883 | D:5      | Found Paosank's Jewellery Boutique.
  5931 | D:5      | Reached skill level 5 in Armour
  6246 | D:6      | Found a runed translucent door.
  6247 | D:6      | Noticed Banquo's ghost (novice DjAE)
  6260 | D:6      | Reached skill level 8 in Axes
  6260 | D:6      | Reached XP level 8. HP: 59/63 MP: 7/7
  6561 | D:6      | Reached skill level 9 in Axes
  6791 | D:6      | Found a burning altar of Makhleb.
  6791 | D:6      | Found a shimmering altar of Xom.
  6851 | D:6      | Found an opulent altar of Gozag.
  6971 | D:6      | Reached *** piety under Trog
  7168 | D:7      | Reached skill level 10 in Axes
  7248 | D:7      | Reached XP level 9. HP: 71/71 MP: 8/8
  7948 | D:8      | Noticed a two-headed ogre
  7956 | D:8      | Killed a two-headed ogre
  7957 | D:8      | Reached skill level 11 in Axes
  8477 | D:8      | Noticed Psyche
  8496 | D:8      | Killed Psyche
  8668 | D:8      | Found a radiant altar of Vehumet.
  8830 | D:9      | Found a sparkling altar of Nemelex Xobeh.
  8901 | D:9      | Reached skill level 5 in Dodging
  8909 | D:9      | Reached XP level 10. HP: 79/79 MP: 9/9
  9032 | D:9      | Reached skill level 12 in Axes
  9506 | D:9      | Noticed a two-headed ogre
  9520 | D:9      | Killed a two-headed ogre
  9967 | D:9      | Found a staircase to the Lair.
  9977 | D:9      | Reached skill level 1 in Evocations
 10595 | D:9      | Found a staircase to the Orcish Mines.
 10605 | D:9      | Noticed a cyclops
 10613 | D:9      | Killed a cyclops
 10638 | D:9      | Reached skill level 13 in Axes
 10841 | D:10     | Entered Level 10 of the Dungeon
 11008 | D:10     | Noticed a two-headed ogre
 11014 | D:10     | Killed a two-headed ogre
 11168 | D:10     | Noticed a gargoyle
 11174 | D:10     | Killed a gargoyle
 11175 | D:10     | Reached XP level 11. HP: 87/87 MP: 10/10
 11825 | D:10     | Identified a scroll of acquirement
 11867 | D:11     | Noticed a two-headed ogre
 11872 | D:11     | Killed a two-headed ogre
 11873 | D:11     | Reached skill level 14 in Axes
 12131 | D:11     | Noticed Josephine
 12138 | D:11     | Noticed a two-headed ogre
 12142 | D:11     | Noticed Harold
 12143 | D:11     | Killed Josephine
 12144 | D:11     | Reached skill level 10 in Fighting
 12148 | D:11     | Killed a two-headed ogre
 12319 | D:11     | Found a shadowy altar of Dithmenos.
 12321 | D:11     | Noticed a two-headed ogre
 12333 | D:11     | Killed a two-headed ogre
 12333 | D:11     | Reached **** piety under Trog
 12334 | D:11     | Reached skill level 15 in Axes
 12517 | D:11     | Killed Harold
 12896 | D:11     | Noticed Urug
 12908 | D:11     | Killed Urug
 13541 | D:12     | Found Dydufal's Book Boutique.
 13901 | D:12     | Noticed a six-headed hydra
 13911 | D:12     | Killed a 12-headed hydra
 13921 | D:12     | Reached skill level 16 in Axes
 13921 | D:12     | Reached XP level 12. HP: 29/97 MP: 11/11
 14441 | D:12     | Noticed a two-headed ogre
 14447 | D:12     | Killed a two-headed ogre
 15555 | D:13     | Noticed a centaur warrior
 15557 | D:13     | Noticed a five-headed hydra
 15557 | D:13     | Noticed a centaur warrior
 15557 | D:13     | Noticed a centaur warrior
 15572 | D:13     | Reached skill level 17 in Axes
 15580 | D:13     | Killed a centaur warrior
 15584 | D:13     | Killed a centaur warrior
 15586 | D:13     | Noticed a six-headed hydra
 15595 | D:13     | Killed a ten-headed hydra
 15612 | D:13     | Killed a centaur warrior
 16040 | D:13     | Noticed a tengu warrior
 16050 | D:13     | Killed a tengu warrior
 16147 | D:13     | Killed a nine-headed hydra
 16206 | D:13     | Noticed a boulder beetle
 16225 | D:13     | Killed a boulder beetle
 16439 | D:13     | Noticed a tengu warrior
 16440 | D:13     | Noticed a seven-headed hydra
 16446 | D:13     | Killed a nine-headed hydra
 16453 | D:13     | Killed a tengu warrior
 16454 | D:13     | Reached XP level 13. HP: 107/107 MP: 12/12
 16465 | D:13     | Reached skill level 18 in Axes
 16936 | D:13     | Reached skill level 10 in Armour
 16936 | D:13     | Reached skill level 5 in Evocations
 17232 | D:13     | Identified the +1 mace "Mottoche" {pain, *Slow Will++
                  | Str+3}
 17265 | D:14     | Found a gate to the Vaults.
 18356 | D:14     | Identified the +3 arbalest "Raisin" {elec, rF+ rN+}
 18417 | D:14     | Reached ***** piety under Trog
 18418 | D:14     | Reached skill level 19 in Axes
 19052 | D:14     | Found a sparkling altar of Nemelex Xobeh.
 19324 | D:15     | Entered Level 15 of the Dungeon
 20891 | D:15     | Reached XP level 14. HP: 117/117 MP: 13/13
 21067 | D:15     | Found a shimmering altar of Xom.
 21212 | D:15     | Reached skill level 20 in Axes
 21363 | D:15     | Found a staircase to the Depths.
 21364 | D:15     | Noticed a stone giant
 21371 | D:15     | Killed a stone giant
 21972 | Lair:1   | Entered Level 1 of the Lair of Beasts
 22176 | Lair:1   | Found a frozen archway.
 22190 | IceCv    | Entered an ice cave
 22279 | IceCv    | Reached skill level 10 in Dodging
 23599 | IceCv    | Found a viscous altar of Jiyva.
 23599 | IceCv    | Noticed an azure jelly
 23613 | IceCv    | Killed an azure jelly
 23613 | IceCv    | Noticed a quicksilver ooze
 23619 | IceCv    | Killed a quicksilver ooze
 23676 | IceCv    | Identified the ring "Sexyseg" {Fire Str-2 Int+4 Slay+3}
 24854 | Lair:1   | Reached skill level 15 in Fighting
 25104 | Lair:2   | Identified the +0 robe of Hedonism {+Blink SInv}
 25301 | Lair:2   | Received a gift from Trog
 26423 | Lair:2   | Killed from afar by a fire dragon

Illustrated notes

Levels and vault maps discovered:
D:1:      dpeg_arrival_morbid_curiosity, layout_loops_ring,
          basic_ecumenical_altar
D:2:      layout_loops_corners, minivault_26, minmay_misc_feat_iff
D:3:      layout_basic, minitemple, serial_undead, serial_undead_e,
          serial_undead_a, serial_undead_d, serial_undead_b, serial_undead_c,
          serial_undead_d, serial_undead_a
D:4:      layout_gridville, minmay_temple_entry_mini_moons,
          lightli_corner_chamber
D:5:      layout_basic, serial_shops, nicolae_shop_window_shopping
D:6:      layout_rooms, grunt_temple_overflow_champion_of_chaos,
          nicolae_gozag_cash_rules_everything_around_me, gammafunk_ghost_grave
D:7:      layout_basic
D:8:      layout_loops_cross, vehumet_statue, uniq_psyche
D:9:      layout_irregular_city, lemuel_round_altar, erik_lair_orcish_takeover,
          orc_0_dummy, serial_column_ruins, column_ruins_hut, column_ruins_hut,
          column_ruins_grid_1, column_ruins_open_tiny, column_ruins_grid_1,
          column_ruins_columns_straight, column_ruins_open_medium_water,
          column_ruins_columns_corner
D:10:     layout_basic
D:11:     layout_cave_pools, nicolae_dithmenos_shadow_blocks, uniq_urug,
          uniq_josephine, uniq_harold
D:12:     layout_loops_cross, serial_shops, nicolae_stop_n_shop_2
D:13:     layout_stronghold, minmay_mirror_moons_of_madness
D:14:     layout_rooms, lightli_vaults_fourway_checkpoint, nemelex_altar_shiori
D:15:     grunt_enter_depths_snipers, layout_irregular_city,
          chequers_hall_statues_wall_a, xom_teletrap_fun
Lair:1:   layout_layer_cave, portal_ice_cave_entry_pillars_2
Lair:2:   dragon1_lemuel, layout_cellular_growth

Skill      XL: |  1  2  3  4  5  6  7  8  9 10 11 12 13 14 |
---------------+-------------------------------------------+-----
Axes           | 4 5 6 8 10 11 13 16 17 19 20 | 20.8
Fighting       | 4 5 7 8 9 10 12 13 15 | 15.4
Dodging        | 3 4 5 6 7 8 9 10 | 10.7
Armour         | 3 4 5 6 8 9 10 | 10.7
Stealth        | 1 2 |  2.5
Shields        | 1 2 3 4 |  4.6
Evocations     | 2 3 4 5 6 |  6.9

Action                   |  1- 3 |  4- 6 |  7- 9 | 10-12 | 13-15 || total
-------------------------+-------+-------+-------+-------+-------++-------
Melee: Hand axe          |    80 |    58 |       |       |       ||   138
       Headbutt          |    11 |    20 |    35 |    82 |   143 ||   291
       War axe           |       |    90 |   187 |    37 |       ||   314
       Punch             |       |     3 |     2 |       |       ||     5
       Battleaxe         |       |       |       |   252 |   549 ||   801
Invok: Berserk           |     1 |     4 |     4 |     9 |    10 ||    28
       Trog's Hand       |       |     1 |       |       |       ||     1
Evoke: Wand              |       |       |       |    13 |    38 ||    51
  Use: Potion            |       |     6 |       |     2 |       ||     8
       Scroll            |       |     5 |     7 |     6 |     9 ||    27
 Stab: Sleeping          |       |     1 |       |       |       ||     1
       Paralysed         |       |       |       |       |     1 ||     1
Armor: Animal skin       |    11 |       |       |       |       ||    11
       Ring mail         |    12 |    32 |       |       |       ||    44
       Scale mail        |       |     9 |       |       |       ||     9
       Ice dragon scales |       |    22 |    83 |   168 |   219 ||   492
Dodge: Dodged            |    50 |    78 |   102 |   204 |   267 ||   701
Block: Other             |       |    27 |    52 |    70 |    94 ||   243
       Reflection        |       |       |     2 |     2 |     5 ||     9
